 Dungeon Crawl Stone Soup version 0.18-a0-1267-gff090c1 (webtiles) character file.

525 namelastname112 the Shooter (level 7, 39/60 HPs)
             Began as a Mottled Draconian Hunter on Feb 7, 2016.
             Quit the game on level 4 of the Dungeon.
             The game lasted 00:03:46 (2405 turns).

namelastname112 the Shooter (DrHu)                  Turns: 2405, Time: 00:03:47

Health: 39/60      AC:  7    Str: 15    XL:     7   Next: 2%
Magic:  7/7        EV: 13    Int: 11    God:
Gold:   157        SH:  0    Dex: 13    Spells: 0 memorised, 6 levels left

rFire  . . .     SeeInvis .     a - +1 shortbow
rCold  . . .     Gourm    .     (armour unavailable)
rNeg   . . .     Faith    .     (shield currently unavailable)
rPois  .         Spirit   .     (helmet restricted)
rElec  .         Dismiss  .     w - +0 cloak
rCorr  .         Reflect  .     (no gloves)
SustAt .         Harm     .     (no boots)
MR     .....                    (no amulet)
Stlth  +.........               (no ring)
                                k - +3 ring of slaying

@: not resistant to hostile enchantments, very unstealthy
A: breathe sticky flame splash, unfitting armour, cold-blooded, AC +6
a: Breathe Sticky Flame


You were on level 4 of the Dungeon.
You were hungry.

You visited 1 branch of the dungeon, and saw 4 of its levels.

You collected 157 gold pieces.

Inventory:

Hand Weapons
 a - a +1 shortbow (weapon)
 b - a +0 short sword
 m - a +2 short sword of speed
Missiles
 c - 105 arrows (quivered)
Armour
 w - a +0 cloak (worn)
Jewellery
 k - a +3 ring of slaying (left hand)
Wands
 v - a wand of flame (12/48)
Scrolls
 e - a scroll of fog {unknown}
 f - 2 scrolls of enchant armour {unknown}
 h - 2 scrolls of identify {unknown}
 j - a scroll of blinking {unknown}
 n - a scroll of enchant weapon {unknown}
 o - 4 scrolls of amnesia {unknown}
 q - a scroll of magic mapping {unknown}
 r - a scroll of remove curse {unknown}
Potions
 g - a potion of mutation {unknown}
 i - 2 potions of agility {unknown}
 l - a potion of lignification {unknown}
 p - a potion of flight {unknown}
 s - a potion of curing
 t - a potion of magic {unknown}
 u - a potion of heal wounds {unknown}
Comestibles
 d - 3 bread rations


   Skills:
 + Level 4.4 Fighting
 * Level 6.1 Bows
 + Level 3.6 Dodging
 - Level 0.8 Stealth


You had 6 spell levels left.
You didn't know any spells.

Dungeon Overview and Level Annotations

Branches:
Dungeon (4/15)
 Temple: D:4-7

Altars:
Elyvilon
Fedhas
Kikubaaqudgha
Okawaru
Sif Muna


Innate Abilities, Weirdness & Mutations

You can spit globs of burning liquid.
You can ignite nearby creatures when you spit burning liquid.
Your weird mottled scales are hard (AC +6).
Your body does not fit into most forms of armour.
You are cold-blooded and may be slowed by cold attacks.


Message History

Press: ? - help, Shift-Dir - straight line, f/p - namelastname112's ghost
Aim: namelastname112's ghost (almost destroyed)
You shoot an arrow.
The arrow barely misses namelastname112's ghost.
Namelastname112's ghost hits you.
Firing (i - inventory):
c - 73 arrows (quivered)
Press: ? - help, Shift-Dir - straight line, f/p - namelastname112's ghost
Aim: namelastname112's ghost (almost destroyed)
You shoot an arrow. The arrow hits namelastname112's ghost.
You destroy namelastname112's ghost!
Your Bows skill increases to level 6!
You have reached level 7!
Your scales start taking on a weird mottled colour.
Found 9 gold pieces.
c - 105 arrows (gained 33)
Things that are here:
a shortbow; a centaur corpse Are you sure you want to abandon this character and quit the game? (Confirm with "yes".)
Okay, then.
Are you sure you want to abandon this character and quit the game? (Confirm with "yes".)

#.##..#
.(.....
#....$ #
##.... #.
.. .....
.##.. ...
#.#..#
#.###....#
#)#...#
#.###@#..#
#.?.....#
#####.<.#
#...#
.....#
......##
######..
..# #.#


There were no monsters in sight!

Vanquished Creatures
  The ghost of namelastname112 the Shooter, an amateur DrHu (D:4)
  A phantom (D:3)
  A centaur (D:4)
  Jessica (D:3)
  Ijyb (D:3)
  Natasha (D:3)
  Robin (D:3)
  4 adders
  3 worms
  3 giant geckos
  5 orcs (D:3)
  2 ball pythons
  7 bats
  A giant cockroach (D:2)
  16 goblins
  6 hobgoblins
  3 jackals (D:3)
  9 kobolds
  A quokka (D:2)
  A giant newt (D:3)
  12 rats
80 creatures vanquished.

Vanquished Creatures (others)
  A goblin (D:3)
1 creature vanquished.

Grand Total: 81 creatures vanquished

Notes
Turn   | Place    | Note
--------------------------------------------------------------
     0 | D:1      | namelastname112 the Draconian Hunter began the quest for the Orb.
     0 | D:1      | Reached XP level 1. HP: 17/17 MP: 1/1
   385 | D:1      | Reached XP level 2. HP: 25/25 MP: 2/2
   582 | D:1      | Reached skill level 4 in Bows
   689 | D:2      | Reached XP level 3. HP: 26/30 MP: 3/3
   810 | D:2      | Found a white marble altar of Elyvilon.
   864 | D:2      | Found an ancient bone altar of Kikubaaqudgha.
  1333 | D:2      | Reached XP level 4. HP: 38/38 MP: 4/4
  1400 | D:2      | Found an iron altar of Okawaru.
  1500 | D:3      | Noticed Ijyb
  1510 | D:3      | Killed Ijyb
  1790 | D:3      | Found a deep blue altar of Sif Muna.
  1855 | D:3      | Found a blossoming altar of Fedhas.
  1897 | D:3      | Noticed Robin
  1919 | D:3      | Killed Robin
  1919 | D:3      | Reached XP level 5. HP: 33/45 MP: 5/5
  1922 | D:3      | Reached skill level 5 in Bows
  1983 | D:3      | Noticed Natasha
  1991 | D:3      | Killed Natasha
  2072 | D:3      | Noticed Jessica
  2075 | D:3      | Killed Jessica
  2118 | D:3      | Noticed a phantom
  2136 | D:3      | Killed a phantom
  2136 | D:3      | Reached XP level 6. HP: 50/52 MP: 6/6
  2373 | D:4      | Noticed namelastname112's ghost (amateur DrHu)
  2401 | D:4      | Killed namelastname112's ghost
  2401 | D:4      | Reached skill level 6 in Bows
  2401 | D:4      | Reached XP level 7. HP: 38/60 MP: 7/7
  2401 | D:4      | Your scales start taking on a weird mottled colour.
  2405 | D:4      | Quit the game

Vault maps used:
D:1:      roderic_crop_circles_arrival_small, minmay_shallow_snake_nest
D:2:      lemuel_crystal_altar, lemuel_crystal_altar, minmay_tree_intersection,
          st_stairs_8, roderic_serpentine_path, kennysheep_flooded_box
D:3:      lemuel_blue_sif_altar, lemuel_crystal_altar, first_bread,
          due_unseen_surprise, uniq_iyjb, uniq_robin, uniq_natasha, uniq_jessica
D:4:      wad_crossroads

Action                   |  1- 3 |  4- 6 |  7- 9 || total
-------------------------+-------+-------+-------++-------
Melee: Short sword       |   113 |    95 |       ||   208
 Fire: Shortbow          |       |    42 |       ||    42
  Use: Potion            |     2 |       |       ||     2
 Stab: Sleeping          |       |     2 |       ||     2
  Eat: Chunk             |     1 |     3 |       ||     4
